 Dungeon Crawl Stone Soup version 0.28.0 (webtiles) character file.

Game seed: 11328510909717368313

661524 danielguo94 the Hoplite (level 27, 0/109 (150) HPs)
             Began as a Gargoyle Fighter on Feb 5, 2022.
             Was a High Priest of the Shining One.
             Killed from afar by a starcursed mass (4 damage)
             ... with an accursed screaming
             ... while paralysed by accursed screaming
             ... on level 4 of the Abyss on Feb 6, 2022.
             The game lasted 02:24:58 (62850 turns).

danielguo94 the Hoplite (Gargoyle Fighter)         Turns: 62850, Time: 02:24:59

HP:   0/109 (150)   AC: 61    Str: 36      XL:     27
MP:   4/34          EV:  2    Int:  7 (11) God:    the Shining One [*****.]
Gold: 3971          SH:  0    Dex: 16 (17) Spells: 26/26 levels left

rFire   + + +      SeeInvis +   U - +8 eveningstar (holy)
rCold   + + .      Faith    .   x - +4 tower shield {AC+3}
rNeg    + + +      Spirit   .   c - +12 gold dragon scales
rPois   ∞          Reflect  .   E - +2 helmet "Hero's Friend" {rC+ Str+3}
rElec   +          Harm     .   g - +0 cloak of the Thinker {rPois Will+}
rCorr   .          Rampage  .   T - +0 pair of gloves {infuse}
Will    ++++.      Rage     3%  z - +1 pair of boots of the Morning {Str+2 Int-3 Dex+4}
Stlth   ..........              F - amulet "Xeiph" {Fragile rF+ Regen+ Str+3 Stlth+}
HPRegen 1.08/turn               D - ring of Relativism {Will+ Int+3 SInv}
MPRegen 0.24/turn               f - ring of protection from fire

@: paralysed, about to teleport, on berserk cooldown, flying, glowing, studying
6 skills, very heavily drained
A: sickness immunity, AC +20, big wings, negative energy resistance 1,
electricity resistance, torment resistance 1, petrification resistance, deformed
body, low MP 1, [berserk 2], [frail 2]
}: 4/15 runes: decaying, serpentine, silver, bone
a: Renounce Religion, Divine Shield, Cleansing Flame, Summon Divine Warrior


You were on level 4 of the Abyss.
You worshipped the Shining One.
The Shining One was extremely pleased with you.
You visited 12 branches of the dungeon, and saw 55 of its levels.
You visited the Abyss 3 times.
You also visited: Bailey and Wizlab.

You collected 9138 gold pieces.
You spent 5167 gold pieces at shops.

Inventory:

Hand Weapons
 b - a +5 broad axe of electrocution
 L - the +9 broad axe "Kygynuof" {vorpal, Int+2 Dex+2}
   (You found it on level 5 of the Lair of Beasts)

   It inflicts extra damage upon your enemies.
   Int:       It affects your intelligence (+2).
   Dex:       It affects your dexterity (+2).
 U - a +8 eveningstar of holy wrath (weapon)
 Z - a +3 eveningstar of freezing
Missiles
 i - 46 poisoned darts
 o - 3 throwing nets
 t - 7 atropa-tipped darts
 I - 15 javelins
 K - 14 curare-tipped darts
 N - 10 datura-tipped darts
 S - 5 silver javelins (quivered)
Armour
 c - +12 gold dragon scales (worn)
 g - the +0 cloak of the Thinker (worn) {rPois Will+}
   (You acquired it on level 3 of the Depths)

   rPois:     It protects you from poison.
   Will:      It increases your willpower.
 x - a +4 tower shield of protection (worn)
 z - the +1 pair of boots of the Morning (worn) {Str+2 Int-3 Dex+4}
   (You acquired it on level 15 of the Dungeon)

   Str:       It affects your strength (+2).
   Int:       It affects your intelligence (-3).
   Dex:       It affects your dexterity (+4).
 E - the +2 helmet "Hero's Friend" (worn) {rC+ Str+3}
   (You acquired it on level 7 of the Dungeon)

   Str:       It affects your strength (+3).
   rC:        It protects you from cold.
 T - a +0 pair of gloves of infusion (worn)
Jewellery
 f - a ring of protection from fire (right hand)
 n - a ring of fire
 s - the ring "Jeax" {rPois rN+ Str+5 Dex+4 Slay-2}
   (You took it off an ogre mage on level 5 of the Vaults)

   [ring of positive energy]

   Str:       It affects your strength (+5).
   Dex:       It affects your dexterity (+4).
   Slay:      It affects your accuracy & damage with ranged weapons and melee
   (-2).
   rPois:     It protects you from poison.
   rN:        It protects you from negative energy.
 v - the ring of the Final Xenops {Will- Str+6 Dex+5}
   (You found it on level 7 of Tartarus)

   [ring of strength]

   Str:       It affects your strength (+6).
   Dex:       It affects your dexterity (+5).
   Will:      It decreases your willpower.
 D - the ring of Relativism (left hand) {Will+ Int+3 SInv}
   (You found it on level 12 of the Dungeon)

   [ring of see invisible]

   Int:       It affects your intelligence (+3).
   SInv:      It lets you see invisible.
   Will:      It increases your willpower.
 F - the amulet "Xeiph" (around neck) {Fragile rF+ Regen+ Str+3 Stlth+}
   (You took it off a deep elf death mage on level 3 of the Elven Halls)

   [amulet of regeneration]

   Str:       It affects your strength (+3).
   rF:        It protects you from fire.
   Regen:     It increases your rate of health regeneration.
   Fragile:   It will be destroyed if unequipped.
   Stlth:     It makes you more stealthy.
 O - a ring of protection from cold
 Y - a ring of protection from cold
Wands
 a - a wand of acid (23)
 u - a wand of digging (7)
 y - a wand of mindburst (15)
 B - a wand of paralysis (27)
 R - a wand of charming (17)
 W - a wand of iceblast (24)
Scrolls
 e - 6 scrolls of summoning
 k - 7 scrolls of silence
 m - 17 scrolls of teleportation
 p - 7 scrolls of magic mapping
 w - 8 scrolls of fear
 G - 7 scrolls of holy word
 H - 8 scrolls of blinking
 J - 9 scrolls of immolation
 P - 5 scrolls of fog
Potions
 d - 6 potions of heal wounds
 h - 4 potions of cancellation
 j - 8 potions of might
 l - 4 potions of magic
 q - 6 potions of ambrosia
 r - 7 potions of lignification
 A - 19 potions of mutation
 C - 7 potions of haste
 M - 6 potions of attraction
 Q - 4 potions of resistance
 V - 22 potions of curing
 X - 9 potions of berserk rage


   Skills:
 + Level 23.4 Fighting
 * Level 13.6(18.8) Axes
 + Level 22.5(24.0) Maces & Flails
 + Level 1.3 Throwing
 + Level 16.8 Armour
 + Level 10.1 Dodging
 + Level 26.0 Shields
 * Level 23.7 Invocations
 * Level 13.4 Evocations


You had 26 spell levels left.
You didn't know any spells.
Your spell library contained the following spells:

 Spells                   Type           Power      Damage    Failure   Level
 Animate Skeleton         Necr           0%         N/A       99%         1
 Freeze                   Ice            0%         1d3       99%         1
 Magic Dart               Conj           0%         1d3       99%         1
 Pain                     Necr           0%         1d4       99%         1
 Sandblast                Erth           0%         2d4       99%         1
 Shock                    Conj/Air       0%         1d3       99%         1
 Slow                     Hex            0%         N/A       99%         1
 Sting                    Tmut/Pois      0%         1d3       99%         1
 Summon Small Mammal      Summ           0%         N/A       99%         1
 Blink                    Tloc           0%         N/A       100%        2
 Call Imp                 Summ           0%         N/A       100%        2
 Corpse Rot               Necr/Air       0%         N/A       100%        2
 Ensorcelled Hibernation  Hex/Ice        0%         N/A       100%        2
 Passwall                 Tmut/Erth      0%         N/A       100%        2
 Poisonous Vapours        Pois/Air       0%         N/A       100%        2
 Static Discharge         Conj/Air       0%         N/A       100%        2
 Call Canine Familiar     Summ           0%         N/A       100%        3
 Confusing Touch          Hex            0%         N/A       100%        3
 Dazzling Flash           Conj/Hex       0%         N/A       100%        3
 Frozen Ramparts          Ice            0%         1d2       100%        3
 Gell's Gravitas          Tloc           0%         N/A       100%        3
 Ignite Poison            Fire/Tmut/Pois 0%         N/A       100%        3
 Inner Flame              Hex/Fire       0%         N/A       100%        3
 Lesser Beckoning         Tloc           0%         N/A       100%        3
 Mephitic Cloud           Conj/Pois/Air  0%         N/A       100%        3
 Ozocubu's Armour         Ice            0%         N/A       100%        3
 Stone Arrow              Conj/Erth      0%         3d7       100%        3
 Summon Guardian Golem    Hex/Summ       0%         N/A       100%        3
 Swiftness                Air            0%         N/A       100%        3
 Teleport Other           Tloc           0%         N/A       100%        3
 Tukima's Dance           Hex            0%         N/A       100%        3
 Vampiric Draining        Necr           0%         2d6       100%        3
 Anguish                  Hex/Necr       0%         N/A       100%        4
 Animate Armour           Summ/Erth      0%         N/A       100%        4
 Animate Dead             Necr           0%         N/A       100%        4
 Cause Fear               Hex            0%         N/A       100%        4
 Dispel Undead            Necr           0%         3d6       100%        4
 Hailstorm                Conj/Ice       0%         3d3       100%        4
 Ice Form                 Ice/Tmut       0%         N/A       100%        4
 Leda's Liquefaction      Hex/Erth       0%         N/A       100%        4
 Olgreb's Toxic Radiance  Pois           0%         N/A       100%        4
 Passage of Golubria      Tloc           0%         N/A       100%        4
 Petrify                  Tmut/Erth      0%         N/A       100%        4
 Summon Ice Beast         Ice/Summ       0%         N/A       100%        4
 Agony                    Necr           0%         N/A       100%        5
 Alistair's Intoxication  Tmut/Pois      0%         N/A       100%        5
 Blade Hands              Tmut           0%         N/A       100%        5
 Borgnjor's Vile Clutch   Necr/Erth      0%         N/A       100%        5
 Excruciating Wounds      Necr           0%         N/A       100%        5
 Fireball                 Conj/Fire      0%         3d3       100%        5
 Irradiate                Conj/Tmut      0%         3d13      100%        5
 Iskenderun's Battlesphe  Conj           0%         2d6       100%        5
 Lee's Rapid Deconstruct  Erth           0%         3d5*      100%        5
 Lightning Bolt           Conj/Air       0%         1d11      100%        5
 Manifold Assault         Tloc           0%         N/A       100%        5
 Metabolic Englaciation   Hex/Ice        0%         N/A       100%        5
 Silence                  Hex/Air        0%         N/A       100%        5
 Summon Forest            Summ/Tloc      0%         N/A       100%        5
 Summon Mana Viper        Hex/Summ       0%         N/A       100%        5
 Yara's Violent Unravell  Hex/Tmut       0%         3d3       100%        5
 Conjure Ball Lightning   Conj/Air       0%         3x3d6     100%        6
 Death Channel            Necr           0%         N/A       100%        6
 Dispersal                Tloc           0%         N/A       100%        6
 Eringya's Noxious Bog    Tmut/Pois      0%         N/A       100%        6
 Iron Shot                Conj/Erth      0%         9d1       100%        6
 Simulacrum               Ice/Necr       0%         N/A       100%        6
 Starburst                Conj/Fire      0%         6d3       100%        6
 Summon Cactus Giant      Summ           0%         N/A       100%        6
 Dragon Form              Tmut           0%         N/A       100%        7
 Haunt                    Necr/Summ      0%         N/A       100%        7
 Malign Gateway           Summ/Tloc      0%         N/A       100%        7
 Monstrous Menagerie      Summ           0%         N/A       100%        7
 Ozocubu's Refrigeration  Ice            0%         4d5       100%        7
 Spellforged Servitor     Conj/Summ      0%         N/A       100%        7
 Storm Form               Tmut/Air       0%         N/A       100%        7
 Summon Hydra             Summ           0%         N/A       100%        7
 Borgnjor's Revivificati  Necr           0%         N/A       100%        8
 Discord                  Hex            0%         N/A       100%        8
 Disjunction              Tloc           0%         N/A       100%        8
 Ignition                 Fire           0%         3d3       100%        8
 Infestation              Necr           0%         N/A       100%        8
 Lehudib's Crystal Spear  Conj/Erth      0%         10d2      100%        8
 Maxwell's Capacitive Co  Air            0%         ∞         100%        8
 Necromutation            Tmut/Necr      0%         N/A       100%        8
 Chain Lightning          Conj/Air       0%         N/A       100%        9
 Death's Door             Necr           0%         N/A       100%        9
 Fire Storm               Conj/Fire      0%         5d1       100%        9
 Shatter                  Erth           0%         3d5*      100%        9
 Statue Form              Tmut/Erth      Unusable   N/A       N/A         6

Dungeon Overview and Level Annotations

Branches:
Dungeon (15/15)            Temple (1/1) D:7            Lair (6/6) D:10
  Swamp (4/4) Lair:3        Snake (4/4) Lair:3        Slime (0/5) Lair:5
    Orc (2/2) D:11            Elf (3/3) Orc:2        Vaults (5/5) D:13
  Crypt (3/3) Vaults:3       Tomb (0/3) Crypt:3      Depths (4/4) D:15
   Hell (visited)             Dis (0/7) Hell            Geh (0/7) Hell
    Coc (0/7) Hell            Tar (7/7) Hell            Zot (0/5) Depths:4
 Bailey (visited)          WizLab (visited)

Altars:
Ashenzari
Cheibriados
Dithmenos
Elyvilon
Fedhas
Gozag
Hepliaklqana
Kikubaaqudgha
Makhleb
Nemelex Xobeh
Okawaru
Qazlal
Ru
Sif Muna
Trog
Uskayaw
Vehumet
Wu Jian
Xom
Yredelemnul
Zin
The Shining One
Jiyva

Shops:
D:11 [   D:13 (   Orc:2 =*([   Elf:3 *   Snake:1 =:=   Snake:2 !([*   Snake:3 *
Snake:4 [*=   Vaults:1 [   Vaults:5 !??

Portals:
Hell: Depths:1 Depths:2 Depths:3 Depths:4
Abyss: Depths:2 Depths:3
Pandemonium: Depths:1 Depths:2
Ziggurat: Depths:3
Trove: D:11 (give +3 shadow dragon scales)


Innate Abilities, Weirdness & Mutations

You are immune to sickness and miasma.
Your stone body is resilient. (AC +20)
You are immune to poison.
Your large and strong wings let you fly.
You resist negative energy. (rN+)
You are resistant to electric shocks. (rElec)
You are resistant to unholy torment.
You are immune to petrification.
Armour fits poorly on your strangely shaped body.
Your magical capacity is low. (-10% MP)
[You often lose your temper in combat.]
[You are very frail. (-20% HP)]


Message History

That felt strangely unrewarding.
The golden flame engulfs the starcursed mass!!
The starcursed mass is almost destroyed.
The golden flame engulfs the draconian!!!
The draconian is severely wounded.
The golden flame engulfs the raiju!!!
You kill the raiju!
That felt strangely unrewarding.
The golden flame engulfs the starcursed mass!!
The starcursed mass is almost destroyed.
The golden flame engulfs the spatial vortex!!!
The spatial vortex dissipates!
The starcursed mass shudders and is absorbed by its neighbour.
The starcursed mass shudders and withdraws towards its neighbour. x2
You hear a bark!
You hear a roar!
You hear a hideous shriek!
You hear a roar! x3
The spatial maelstrom hits you but does no damage.
You block the spatial maelstrom's attack.
A starcursed mass splits.
You block the daeva's attack. x2
The worldbinder hits you but does no damage. x2
A starcursed mass splits.
A cacophony of accursed wailing tears at your sanity!
* * * LOW HITPOINT WARNING * * *
You suddenly lose the ability to move!
The tentacled starspawn bites you but does no damage.
The tentacled starspawn tentacle-slaps you but does no damage.
The spatial maelstrom hits you but does no damage. x2
The wretched star pulses with an eldritch light!
You feel frail. x2
The demonic crawler shrieks in warning!
The worldbinder calls forth creatures from the Swamp!
An apocalypse crab comes into view.
The daeva calls down the wrath of the Shining One upon you.
The Shining One smites you!
* * * LOW HITPOINT WARNING * * *
The tentacled starspawn bites you. The Shining One protects you from harm!
The tentacled starspawn tentacle-slaps you but does no damage.
A starcursed mass splits.
A cacophony of accursed wailing tears at your sanity!
You die... ....q.. ....... ...*... #3vvZ* qh.XX########## # #XX.d#X..XXX# . .. #.hXvAn..###. #vX@*.# . # #..#x### # # .... #ns

# . .###
.###X#.
.# . #
.## . .
.t #. .
# . # #
#.#...##
.
X###...
) . #.#
#...#).
. . . .
.## .#


You could see 10 starcursed masses, a daeva, a purple draconian shifter, a
tentacled starspawn, a yellow draconian annihilator, a spatial maelstrom, a
wretched star, a draconian, a demonic crawler, 3 spatial vortices, an apocalypse
crab, a worldbinder, 2 bog bodies, a raiju, a ynoxinul, a hell hound, a stone
giant zombie and 2 lurking horrors.

Vanquished Creatures
  Ereshkigal (Tar:7)
  4 dread liches
  5 ancient liches
  Mennas (Vaults:4)
  Mara (Snake:2)
  A juggernaut (Depths:4)
  A royal mummy (Crypt:2)
  Bai Suzhen (Vaults:3)
  The ghost of handsome the Unseen, a veteran OpWn of Xom (Vaults:2)
  Vashnia (Snake:3)
  Margery (Vaults:4)
  Geryon (Hell)
  3 caustic shrikes
  The ghost of Camaan the Warrior, an adept DgCj (Depths:3)
  3 golden dragons
  Nikola (Snake:1)
  38 bone dragons
  The ghost of Soammui the Slayer, an adept MiBe of Trog (Elf:3)
  19 doom hounds
  6 profane servitors
  21 Tzitzimimeh
  The ghost of greynaab the Severer, an adept HuBe of Trog (Vaults:1)
  A Hell Sentinel (Abyss:4)
  A hellephant (Abyss:2)
  19 tainted leviathans
  7 tentacled monstrosities
  Mlioglotl (Snake:1)
  6 liches
  2 walking divine tomes
  A quicksilver dragon (Abyss:4)
  An acid blob (Elf:3)
  3 deep elf blademasters
  5 deep elf master archers
  3 Executioners
  The ghost of Zonian the Severer, an adept HOFi of Beogh (Snake:1)
  Frances (D:12)
  16 tentacled starspawn
  4 sphinxes
  8 thorn hunters
  Gastronok (Lair:2)
  4 storm dragons
  3 ancient champions
  Roxanne (Snake:1)
  4 tengu reavers
  The ghost of Matygoc the Slicer, an adept HaSk of Okawaru (Swamp:3)
  6 shadow dragons
  An azure jelly (Elf:3)
  7 iron dragons
  A rockslime (Elf:3)
  4 nagarajas (Snake:4)
  6 fire giants
  A draconian knight (Abyss:4)
  4 fenstrider witches
  An orc warlord (Orc:2)
  A spectral juggernaut (Tar:3)
  The ghost of Qishud the Geomancer, an adept GrEE of Vehumet (D:15)
  6 deep elf sorcerers
  2 balrugs
  8 frost giants
  2 spectral caustic shrikes
  Aizul (Snake:1)
  21 vault wardens
  A cacodemon (Abyss:4)
  A draconian shifter (Abyss:4)
  Louise (Snake:2)
  4 deep elf elementalists (Elf:3)
  4 draconian stormcallers (Depths:4)
  2 draconian annihilators
  22 ironbound preservers
  3 ghouls (Swamp:1)
  8 war gargoyles
  30 very ugly things
  A spriggan defender (Depths:2)
  A caustic shrike skeleton (Abyss:4)
  15 reapers
  6 vampire knights
  6 ironbound thunderhulks
  12 stone giants
  2 green draconians (Depths:4)
  4 deep elf demonologists
  A wendigo (Hell)
  2 lorocyprocas
  10 deep elf annihilators
  6 eleionomae
  23 putrid mouths
  2 spectral titans (Tar:3)
  A white draconian (Depths:4)
  A minotaur (D:15)
  A dire elephant (shapeshifter) (Vaults:5)
  Azrael (Snake:2)
  A bunyip (Swamp:3)
  4 dire elephants (Lair:6)
  3 entropy weavers
  6 spark wasps
  15 eidola
  A red draconian (Depths:4)
  Snorg (D:12)
  2 green deaths
  2 blizzard demons
  16 deep elf death magi
  5 shambling mangroves
  A quicksilver dragon zombie (Crypt:3)
  5 crystal guardians
  4 mummy priests
  4 deep elf high priests
  The ghost of Nubia the Covert, a journeyman GnEn (Lair:4)
  6 fire dragons
  15 ettins
  13 naga warriors
  2 spectral spriggans (Crypt:2)
  A fire dragon (shapeshifter) (Depths:4)
  11 yaktaur captains
  6 jiangshi
  The ghost of crazypyro the Severer, a journeyman MiFi of Okawaru (Orc:1)
  10 great orbs of eyes
  7 boulder beetles
  Harold (Lair:2)
  3 spriggan zombies
  2 peacekeepers
  A caustic shrike simulacrum (Abyss:4)
  7 rakshasas
  25 hydras
  6 salamander tyrants
  A hell beast (Hell)
  2 spriggan air magi (Depths:4)
  10 ice dragons
  18 anacondas
  36 vault guards
  8 alligators
  2 ogre magi (Vaults:5)
  2 ghost crabs
  3 spriggan skeletons
  3 catoblepae
  A death knight (Abyss:4)
  34 dancing weapons
  14 ironbound frosthearts
  A satyr (WizLab)
  9 two-headed ogres
  21 centaur warriors
  8 death yaks
  8 deep troll earth magi
  8 tengu warriors
  5 deep troll shamans
  9 vampire magi
  35 thrashing horrors
  8 hell hogs
  3 orc high priests
  4 shock serpents
  Urug (D:12)
  34 hell knights
  Sonja (Lair:2)
  19 deep elf knights
  15 naga sharpshooters
  4 spriggan berserkers (Depths:4)
  A fire crab (shapeshifter) (D:14)
  3 spectral dire elephants
  2 soul eaters
  20 wretched stars
  7 sun demons
  A bunyip zombie (Crypt:3)
  A titan skeleton (Vaults:3)
  5 goliath frogs
  6 spatial maelstroms
  2 spectral death yaks (Lair:6)
  8 iron trolls
  2 spectral bunyips (Crypt:2)
  18 shadow wraiths
  6 spriggan druids
  11 sixfirhies
  3 salamander mystics
  3 spectral anacondas
  2 anaconda zombies (Crypt:3)
  29 skeletal warriors
  61 deep trolls
  4 glowing orange brains
  11 swamp dragons
  2 shadow demons
  A death drake (Abyss:2)
  A spectral iron dragon (Crypt:2)
  An orb spider (shapeshifter) (Vaults:5)
  9 naga ritualists
  14 deep elf archers
  8 wizards
  2 lindwurms (Vaults:1)
  6 flayed ghosts
  A swamp dragon (shapeshifter) (Vaults:5)
  21 ironbound convokers
  A lindwurm (shapeshifter) (Abyss:2)
  An orange crystal statue (Lair:1)
  An iron giant skeleton (Crypt:2)
  2 obsidian statues
  13 phantasmal warriors
  A tengu zombie (Vaults:2)
  2 anaconda skeletons
  6 bog bodies
  29 deep elf zephyrmancers
  3 orc knights
  2 frost giant zombies
  26 necromancers
  13 mana vipers
  4 orc sorcerers (Orc:2)
  3 fauns (WizLab)
  33 salamanders
  3 oklob plants
  A sphinx skeleton (Vaults:3)
  41 deep elf pyromancers
  A spectral alligator snapping turtle (Tar:1)
  4 moths of wrath
  33 ugly things
  3 draconians (Abyss:4)
  2 shadow dragon skeletons
  3 manticores
  A spectral centaur (Crypt:2)
  A salamander (shapeshifter) (D:13)
  A cyclops (D:12)
  A faun (shapeshifter) (Elf:3)
  4 will-o-the-wisps
  5 worldbinders
  A frost giant skeleton (Vaults:3)
  24 elephants
  2 apocalypse crabs
  7 stone giant skeletons
  10 guardian serpents
  34 black mambas
  10 cane toads
  19 vault sentinels
  65 starcursed masses
  5 molten gargoyles (Hell)
  An orange demon (Abyss:2)
  24 smoke demons
  8 naga magi
  2 eyes of devastation (Elf:3)
  12 rust devils
  2 hellions
  A red draconian zombie (Crypt:1)
  A catoblepas zombie (Crypt:2)
  2 elf skeletons
  A dire elephant skeleton (Lair:6)
  44 yaktaurs
  2 unseen horrors
  3 rime drakes
  4 efreet
  3 kobold demonologists
  A demonic crawler (Abyss:2)
  11 tormentors
  4 spectral nagas
  5 freezing wraiths
  7 guardian mummies (Crypt:2)
  5 silent spectres
  A yaktaur skeleton (Vaults:3)
  3 ice devils
  A tengu conjurer (D:13)
  5 hellwings
  12 ancient zymes
  10 komodo dragons
  6 spectral harpies
  3 harpy zombies (Crypt:3)
  3 red devils (Hell)
  46 large abominations
  9 trolls
  A tarantella (shapeshifter) (D:15)
  A bloated husk (Swamp:3)
  2 wind drakes (shapeshifter)
  14 hornets
  A shadow dragon simulacrum (Vaults:1)
  48 slime creatures
  3 polar bears
  15 blink frogs
  A raiju (shapeshifter) (Elf:1)
  15 tyrant leeches
  11 dream sheep
  An ettin zombie (Vaults:2)
  4 harpy skeletons
  40 raiju
  A stone giant simulacrum (Vaults:3)
  4 centaur simulacra
  34 small abominations
  A jumping spider (Vaults:4)
  A spectral black mamba (Crypt:2)
  3 shadows
  4 air elementals
  A deep troll skeleton (Vaults:3)
  20 spriggans
  3 water elementals
  37 flying skulls
  21 yaks
  13 wraiths
  3 vampires
  11 ynoxinuls
  5 basilisks
  3 wyverns
  An ettin skeleton (Vaults:3)
  3 golden eyes
  A human (shapeshifter) (Elf:3)
  16 fire bats (D:12)
  5 fire elementals
  2 steam dragons
  9 chaos spawn
  9 neqoxecs
  5 redbacks
  2 spriggan simulacra
  12 vampire mosquitoes
  10 swamp worms
  A wind drake skeleton (Crypt:2)
  Menkaure (D:5)
  A death yak simulacrum (Lair:6)
  A harpy simulacrum (Hell)
  5 wargs
  22 nagas
  6 hell hounds
  17 water moccasins
  10 spatial vortices
  An acid dragon (D:6)
  A floating eye (Depths:3)
  4 human skeletons (Vaults:3)
  An ice beast (D:6)
  31 orc warriors
  6 swamp drakes
  3 black bears
  2 sky beasts
  A black mamba simulacrum (Hell)
  An ogre (shapeshifter) (Elf:2)
  5 necrophages
  An elephant zombie (Lair:6)
  10 ogres
  6 boggarts
  35 centaurs
  29 wolves
  2 human zombies
  A torpor snail zombie (Crypt:2)
  Blork the orc (D:5)
  2 kobold brigands
  13 bullfrogs
  A gnoll sergeant (D:6)
  3 scorpions
  6 earth elementals
  A cane toad simulacrum (Lair:6)
  A water moccasin zombie (D:5)
  8 killer bees
  An oklob sapling (Swamp:3)
  9 wights
  2 elephant simulacra (Lair:6)
  8 electric eels
  A polar bear skeleton (Crypt:1)
  3 howler monkeys
  A bullfrog zombie (Crypt:1)
  3 hounds
  2 jellies
  3 lava snakes (Lair:1)
  2 quasits (Abyss:2)
  A human simulacrum (Vaults:1)
  20 orc priests
  2 bullfrog skeletons
  3 centaur zombies
  9 iron imps
  3 centaur skeletons (D:6)
  An iguana (D:7)
  Jessica (D:2)
  2 gnoll shamans
  Terence (D:2)
  19 orc wizards
  7 hell rats (Lair:3)
  2 killer bee zombies
  An ogre skeleton (Crypt:2)
  A hound skeleton (D:4)
  A howler monkey zombie (D:8)
  7 adders
  38 gnolls
  A howler monkey skeleton (D:7)
  A shadow imp (D:3)
  5 white imps
  8 ufetubi
  A worm zombie (Crypt:1)
  A worm (D:2)
  2 dart slugs (D:4)
  83 orcs
  A bat skeleton (Crypt:1)
  3 endoplasms
  3 giant cockroaches
  6 goblins
  8 hobgoblins
  11 jackals (D:1)
  2 quokkas (D:3)
  A river rat zombie (Crypt:1)
  6 ball pythons
  78 bats
  4 frilled lizards
  14 kobolds
  A kobold skeleton (Crypt:2)
  7 rats
  A spectral goblin (D:7)
  23 briar patches
  A bush (Lair:6)
  A fungus (Swamp:3)
  A lurking horror (Abyss:4)
  A plant (Depths:4)
  13 starspawn tentacles
2980 creatures vanquished.

Vanquished Creatures (others)
  A war gargoyle (Hell)
  A thrashing horror (Abyss:4)
  2 deep elf zephyrmancers
  A necromancer (Vaults:5)
  A deep elf pyromancer (Elf:2)
  4 bloated husks
  A hornet (Swamp:4)
  A fire dragon zombie (Crypt:3)
  A small abomination (Abyss:4)
  A swamp worm (Swamp:3)
  An orc (D:5)
  2 kobolds (D:9)
  5 briar patches
  2 bushes
  15 foxfires
  51 fungi
  2 lurking horrors
  102 plants
  28 starspawn tentacles
  26 withered plants (Lair:6)
248 creatures vanquished.

Grand Total: 3228 creatures vanquished

Notes
Turn   | Place    | Note
-------+----------+-------------------------------------------
     0 | D:1      | danielguo94 the Gargoyle Fighter began the quest for the
                  | Orb.
     0 | D:1      | Reached XP level 1. HP: 14/14 MP: 1/1
    41 | D:1      | You fall into a shaft and drop 1 floor!
    41 | D:2      | Noticed Jessica
    58 | D:2      | Killed Jessica
    59 | D:2      | Reached XP level 2. HP: 14/19 MP: 2/2
    59 | D:2      | Reached XP level 3. HP: 17/23 MP: 3/3
   161 | D:2      | Found a faded altar of an unknown god.
   209 | D:2      | Noticed Terence
   226 | D:2      | Killed Terence
   255 | D:2      | Reached XP level 4. HP: 26/29 MP: 4/4
  1069 | D:1      | Reached XP level 5. HP: 11/33 MP: 5/5
  1362 | D:2      | Reached skill level 4 in Shields
  1568 | D:2      | Found a basalt altar of Yredelemnul.
  1995 | D:3      | Reached XP level 6. HP: 29/38 MP: 6/6
  2152 | D:3      | Found a bloodstained altar of Trog.
  2254 | D:3      | Reached skill level 5 in Maces & Flails
  2387 | D:3      | Found a blossoming altar of Fedhas.
  2788 | D:4      | Reached skill level 1 in Dodging
  2799 | D:4      | Found a glowing silver altar of Zin.
  2979 | D:4      | Reached XP level 7. HP: 13/43 MP: 7/7
  3009 | D:4      | Identified the +7 spear "Oseaduno" {vorpal, Fragile rC++
                  | Will+}
  3196 | D:4      | Found an iron altar of Okawaru.
  3628 | D:5      | Entered Level 5 of the Dungeon
  3633 | D:5      | Noticed a steam dragon
  3661 | D:5      | Killed a steam dragon
  3662 | D:5      | Reached XP level 8. HP: 25/48 MP: 8/8
  3934 | D:5      | Noticed Blork the orc
  3994 | D:4      | Reached skill level 5 in Armour
  4008 | D:5      | Killed Blork the orc
  4048 | D:5      | Noticed Menkaure
  4061 | D:5      | Killed Menkaure
  4062 | D:5      | Reached skill level 5 in Fighting
  4445 | D:6      | Reached XP level 9. HP: 50/54 MP: 9/9
  4692 | D:6      | Found a sparkling altar of Nemelex Xobeh.
  4701 | D:6      | Reached skill level 5 in Shields
  5915 | D:7      | Found a staircase to the Ecumenical Temple.
  5918 | D:7      | Found a flagged portal.
  5925 | Temple   | Entered the Ecumenical Temple
  6039 | Temple   | Became a worshipper of the Shining One
  6106 | Bailey   | Entered a bailey
  6145 | Bailey   | Reached skill level 10 in Maces & Flails
  6793 | D:7      | Found a shadowy altar of Dithmenos.
  6793 | D:7      | Found a broken altar of Ashenzari.
  6946 | D:7      | Found a burning altar of Makhleb.
  7193 | D:7      | Found a hazy altar of Hepliaklqana.
  7193 | D:7      | Reached * piety under the Shining One
  7300 | D:7      | Identified the +1 ring mail of Vexation {rF++ Will+}
  7323 | D:8      | Noticed a two-headed ogre
  7329 | D:7      | Acquired the +2 helmet "Hero's Friend" {rC+ Str+3}
  7378 | D:8      | Reached XP level 10. HP: 60/60 MP: 10/10
  7793 | D:8      | Killed a two-headed ogre
  7827 | D:8      | Reached skill level 6 in Shields
  8198 | D:8      | Found a stormy altar of Qazlal.
  8434 | D:9      | Found a white marble altar of Elyvilon.
  8570 | D:9      | Reached ** piety under the Shining One
  8880 | D:9      | Found an opulent altar of Gozag.
  8979 | D:9      | Got An Introduction to Magic
  9400 | D:10     | Entered Level 10 of the Dungeon
  9620 | D:10     | Found a radiant altar of Vehumet.
  9911 | D:10     | Reached XP level 11. HP: 66/66 MP: 3/11
  9955 | D:10     | Found a staircase to the Lair.
 10119 | D:10     | Noticed a white ugly thing
 10123 | D:10     | Noticed a two-headed ogre
 10143 | D:10     | Killed a white ugly thing
 10487 | D:10     | Noticed a two-headed ogre
 10494 | D:10     | Killed a two-headed ogre
 10864 | D:11     | Noticed a two-headed ogre
 10874 | D:11     | Killed a two-headed ogre
 10875 | D:11     | Reached skill level 7 in Shields
 11176 | D:11     | Noticed a two-headed ogre
 11324 | D:10     | Killed a two-headed ogre
 11447 | D:10     | Killed a two-headed ogre
 11730 | D:11     | Noticed a two-headed ogre
 11743 | D:11     | Killed a two-headed ogre
 11744 | D:11     | Reached skill level 1 in Invocations
 11751 | D:11     | Found a portal to a secret trove of treasure.
 11802 | D:11     | Reached XP level 12. HP: 61/74 MP: 5/12
 12026 | D:11     | Found a staircase to the Orcish Mines.
 12038 | D:11     | Reached skill level 8 in Shields
 12040 | D:11     | Found Miq Tasm's Armour Emporium.
 12114 | Lair:1   | Entered Level 1 of the Lair of Beasts
 12480 | Lair:1   | Noticed a five-headed hydra
 12491 | Lair:1   | Killed a five-headed hydra
 12870 | Lair:1   | Reached *** piety under the Shining One
 13221 | Lair:2   | Noticed Harold
 13232 | Lair:2   | Killed Harold
 13268 | Lair:2   | Reached skill level 1 in Evocations
 13332 | Lair:2   | Noticed a catoblepas
 13353 | Lair:2   | Killed a catoblepas
 13354 | Lair:2   | Reached skill level 15 in Maces & Flails
 13398 | Lair:2   | Noticed Sonja
 13469 | Lair:2   | Killed Sonja
 13512 | Lair:2   | Reached skill level 5 in Dodging
 13512 | Lair:2   | Reached skill level 9 in Shields
 13659 | Lair:2   | Reached XP level 13. HP: 75/80 MP: 0/13
 13752 | Lair:2   | Noticed Gastronok
 13872 | Lair:2   | Killed Gastronok
 14148 | Lair:2   | Acquired a +1 vorpal eveningstar
 14267 | Lair:3   | Reached skill level 10 in Fighting
 14448 | Lair:3   | Found a staircase to the Swamp.
 14586 | Lair:3   | Found a staircase to the Snake Pit.
 15316 | Lair:4   | Identified the +1 robe of the Gloaming {+Blink Str-4 Stlth+
                  | Archmagi}
 15449 | Lair:4   | Acquired a +1 eveningstar of freezing
 15502 | Lair:4   | Reached **** piety under the Shining One
 15589 | Lair:4   | Noticed Nubia's ghost (journeyman GnEn)
 15595 | Lair:4   | Found a transporter.
 15600 | Lair:4   | Found a transporter.
 15624 | Lair:4   | Reached skill level 10 in Shields
 16161 | Lair:5   | Identified the +9 broad axe "Kygynuof" {vorpal, Int+2
                  | Dex+2}
 16780 | Lair:5   | Found a staircase to the Slime Pits.
 16822 | Lair:5   | Gained mutation: Your large and strong wings let you fly.
                  | [Gargoyle growth]
 16822 | Lair:5   | Reached XP level 14. HP: 88/88 MP: 15/17
 17092 | Lair:6   | Entered Level 6 of the Lair of Beasts
 17276 | Lair:5   | Reached skill level 5 in Invocations
 17398 | Lair:6   | Noticed a dire elephant
 17399 | Lair:6   | Noticed a dire elephant
 17403 | Lair:6   | Noticed a dire elephant
 17405 | Lair:6   | Reached ***** piety under the Shining One
 17413 | Lair:6   | Killed a dire elephant
 17626 | Lair:6   | Found an iron altar of Okawaru.
 17922 | Lair:6   | Reached skill level 11 in Shields
 18685 | Lair:6   | Noticed a dire elephant
 18696 | Lair:6   | Killed a dire elephant
 19045 | Lair:6   | Killed a dire elephant
 19051 | Lair:6   | Killed a dire elephant
 19056 | Lair:6   | Reached skill level 10 in Armour
 19261 | Lair:6   | Reached XP level 15. HP: 96/96 MP: 3/20
 19595 | Orc:1    | Entered Level 1 of the Orcish Mines
 19719 | Orc:1    | Found a large runed translucent door.
 19719 | Orc:1    | Found a large runed translucent door.
 19723 | Orc:1    | Noticed crazypyro's ghost (journeyman MiFi)
 19858 | Orc:1    | Killed crazypyro's ghost
 19868 | Orc:1    | Identified the +1 scale mail of Servitude {*Corrode Str+2
                  | Int+4}
 19898 | Orc:2    | Entered Level 2 of the Orcish Mines
 19898 | Orc:2    | Found a staircase to the Elven Halls.
 20169 | Orc:2    | Noticed an orc warlord
 20215 | Orc:2    | Found Osoyf's Antique Armour Emporium.
 20216 | Orc:2    | Reached ****** piety under the Shining One
 20242 | Orc:2    | Bought a glowing helmet for 262 gold pieces
 20379 | Orc:2    | Found Wengicw's Antique Weapon Shoppe.
 20408 | Orc:2    | Killed an orc warlord
 20779 | Orc:2    | Found Cenaofo's General Store.
 20803 | Orc:2    | Bought a potion of lignification for 51 gold pieces
 20803 | Orc:2    | Bought a potion of curing for 51 gold pieces
 20803 | Orc:2    | Bought 4 atropa-tipped darts for 40 gold pieces
 20803 | Orc:2    | Bought a wand of acid (4) for 272 gold pieces
 21263 | Orc:2    | Found Esief's Jewellery Boutique.
 21853 | D:12     | Noticed Urug
 21863 | D:12     | Killed Urug
 22366 | D:12     | Noticed Frances
 22380 | D:12     | Killed Frances
 22474 | D:12     | Noticed Snorg
 22784 | D:13     | Found a gate to the Vaults.
 22808 | D:13     | Reached skill level 12 in Shields
 23161 | D:13     | Found Uhiqogiloa's Weapon Shop.
 23920 | D:14     | Reached XP level 16. HP: 73/104 MP: 19/22
 24674 | D:15     | Entered Level 15 of the Dungeon
 24746 | D:15     | Found a runed translucent gate.
 24748 | D:15     | Found a runed translucent gate.
 24749 | D:15     | Found a runed translucent gate.
 24756 | D:15     | Noticed Qishud's ghost (adept GrEE)
 25450 | D:15     | Found a staircase to the Depths.
 25637 | D:12     | Found a snail-covered altar of Cheibriados.
 25661 | D:12     | Reached skill level 13 in Shields
 25668 | D:12     | Found a runed translucent door.
 25681 | D:12     | Identified the ring of Relativism {Will+ Int+3 SInv}
 25732 | D:12     | Killed Snorg
 25782 | D:12     | Found a hide-covered altar of Uskayaw.
 25796 | D:12     | Found a broken altar of Ashenzari.
 25839 | D:12     | Found a snail-covered altar of Cheibriados.
 25892 | D:12     | Found an ancient bone altar of Kikubaaqudgha.
 25929 | D:12     | Found a hide-covered altar of Uskayaw.
 26372 | Lair:4   | Found a bloodstained altar of Trog.
 26385 | Lair:4   | Reached skill level 10 in Invocations
 26412 | Lair:4   | Killed Nubia's ghost
 26517 | Snake:1  | Entered Level 1 of the Snake Pit
 26549 | Snake:1  | Found a transporter.
 26549 | Snake:1  | Noticed Zonian's ghost (adept HOFi)
 26567 | Snake:1  | Noticed Nikola
 26586 | Snake:1  | Found Tavaem's Jewellery Shoppe.
 26586 | Snake:1  | Found Gahehem's Jewellery Shoppe.
 26586 | Snake:1  | Found Omenalu's Book Boutique.
 26669 | Snake:1  | Noticed Mlioglotl
 26678 | Snake:1  | Killed Mlioglotl
 26685 | Snake:1  | Killed Nikola
 26688 | Snake:1  | Noticed Aizul
 26700 | Snake:1  | Killed Aizul
 26821 | Snake:1  | Noticed Roxanne
 26901 | Snake:1  | Identified the amulet of Saebaych {Contam +Blink Regen+
                  | Str+5 Int+2}
 26910 | Snake:1  | Found a transporter.
 27103 | Snake:2  | Noticed Louise
 27137 | Snake:2  | Killed Louise
 27247 | Snake:2  | Noticed Azrael
 27264 | Snake:2  | Reached XP level 17. HP: 112/112 MP: 4/24
 27271 | Snake:2  | Killed Azrael
 27308 | Snake:2  | HP: 3/112 [constriction (4)]
 27423 | Snake:2  | You are sucked into a shaft and drop 1 floor!
 27423 | Snake:3  | Found a shimmering blue altar of Sif Muna.
 27528 | Snake:3  | Found Bocaosil's Bounteous Boutique.
 27540 | Snake:3  | Bought a potion of berserk rage for 100 gold pieces
 27540 | Snake:3  | Bought a +2 pair of boots for 330 gold pieces
 27647 | Snake:2  | Reached skill level 14 in Shields
 27686 | Snake:2  | Found Piogret's Armour Emporium.
 27772 | Snake:2  | Found Vyiz's Distillery.
 27774 | Snake:2  | Found Jyczit's General Store.
 27775 | Snake:2  | Found Unlick's Antique Weapon Emporium.
 27816 | Snake:2  | Bought a glowing broad axe for 245 gold pieces
 27824 | Snake:2  | Bought a potion of heal wounds for 70 gold pieces
 27824 | Snake:2  | Bought a potion of might for 56 gold pieces
 27824 | Snake:2  | Bought a potion of curing for 42 gold pieces
 28206 | Snake:3  | Noticed Vashnia
 28249 | Snake:3  | Reached skill level 15 in Fighting
 28250 | Snake:3  | Killed Vashnia
 28354 | Snake:3  | Noticed Mara
 28364 | Snake:3  | Noticed danielguo94's illusion
 28384 | Snake:2  | Noticed danielguo94's illusion
 28384 | Snake:2  | Killed Mara
 28920 | Snake:4  | Entered Level 4 of the Snake Pit
 29193 | Snake:4  | Reached skill level 15 in Shields
 29407 | Snake:4  | Reached XP level 18. HP: 119/119 MP: 16/27
 30285 | Snake:4  | Found Hepewkeat's Antique Armour Emporium.
 30287 | Snake:4  | Found Gaikus's Assorted Antiques.
 30289 | Snake:4  | Found Apisk's Jewellery Emporium.
 30293 | Snake:4  | Bought a faintly humming kite shield for 313 gold pieces
 30293 | Snake:4  | Identified the +0 kite shield "Ulenoim" {Harm *Slow Regen+
                  | rCorr} (You bought it in a shop on level 4 of the Snake
                  | Pit)
 30297 | Snake:4  | Bought a potion of heal wounds for 130 gold pieces
 30297 | Snake:4  | Bought a potion of heal wounds for 130 gold pieces
 30297 | Snake:4  | Bought a potion of heal wounds for 130 gold pieces
 30297 | Snake:4  | Bought a potion of lignification for 78 gold pieces
 30297 | Snake:4  | Bought a scroll of teleportation for 78 gold pieces
 30297 | Snake:4  | Bought a scroll of identify for 52 gold pieces
 30297 | Snake:4  | Bought a scroll of identify for 52 gold pieces
 30616 | Snake:4  | Got a serpentine rune of Zot
 30728 | Snake:4  | Bought a shiny chain mail for 247 gold pieces
 30848 | Swamp:1  | Entered Level 1 of the Swamp
 30910 | Swamp:1  | Found an iron altar of Okawaru.
 31077 | Swamp:1  | Reached skill level 16 in Shields
 31841 | Swamp:3  | Found a runed translucent gate.
 31841 | Swamp:3  | Found a runed translucent gate.
 31841 | Swamp:3  | Found a runed translucent gate.
 31841 | Swamp:3  | Noticed Matygoc's ghost (adept HaSk)
 32150 | Swamp:3  | Reached XP level 19. HP: 127/127 MP: 14/29
 32786 | Swamp:3  | Killed Matygoc's ghost
 32881 | Swamp:4  | Entered Level 4 of the Swamp
 32890 | Swamp:4  | Noticed a tentacled monstrosity
 32922 | Swamp:4  | Killed a tentacled monstrosity
 33477 | Swamp:4  | Reached skill level 17 in Shields
 33701 | Swamp:4  | Got a decaying rune of Zot
 33941 | Elf:1    | Entered Level 1 of the Elven Halls
 34970 | Elf:2    | Paralysed by an air elemental for 1 turns
 35022 | Elf:2    | Paralysed by an air elemental for 1 turns
 35054 | Elf:2    | Identified the +10 mace "Duxyath" {flame, *Corrode rF+
                  | Will+}
 35292 | Elf:2    | Reached XP level 20. HP: 132/134 MP: 23/30
 35307 | Elf:2    | Found a shimmering blue altar of Sif Muna.
 35473 | Elf:2    | Got Sif Muna's Guide on the Entourage
 35571 | Elf:2    | Found a huge runed translucent gate.
 35571 | Elf:2    | Found a huge runed translucent gate.
 35571 | Elf:2    | Found a huge runed translucent gate.
 35571 | Elf:2    | Found a huge runed translucent gate.
 35576 | Elf:2    | Found a huge runed translucent gate.
 36607 | Elf:2    | Reached skill level 18 in Shields
 36648 | Elf:3    | Entered Level 3 of the Elven Halls
 36759 | Elf:2    | Found a shimmering blue altar of Sif Muna.
 36937 | Elf:3    | Reached skill level 15 in Invocations
 37189 | Elf:3    | Paralysed by an air elemental for 1 turns
 37201 | Elf:3    | Identified the +11 great sword of Propriety {holy, Int+4}
 37257 | Elf:3    | Identified the +7 plate armour "Makuegoe" {*Corrode Will++}
 37264 | Elf:3    | Identified the amulet "Xeiph" {Fragile rF+ Regen+ Str+3
                  | Stlth+}
 37343 | Elf:3    | Got the Papyrus of Necromancy and the Entourage
 37352 | Elf:3    | Identified the +7 plate armour of Qofemm {Int+6}
 37453 | Elf:3    | Found a runed translucent gate.
 37453 | Elf:3    | Found a runed translucent gate.
 37453 | Elf:3    | Found a runed translucent gate.
 37458 | Elf:3    | Noticed Soammui's ghost (adept MiBe)
 37461 | Elf:3    | Found a viscous altar of Jiyva.
 37500 | Elf:3    | Found Itas Doo's General Store.
 37504 | Elf:3    | Bought a potion of curing for 39 gold pieces
 37504 | Elf:3    | Bought a potion of curing for 39 gold pieces
 37504 | Elf:3    | Bought 2 potions of mutation for 208 gold pieces
 38199 | D:15     | Killed Qishud's ghost
 38215 | D:15     | Reached skill level 1 in Axes
 38215 | D:15     | Reached skill level 1 in Throwing
 38215 | D:15     | Reached XP level 21. HP: 41/141 MP: 11/33
 38313 | D:15     | Acquired the +1 pair of boots of the Morning {Str+2 Int-3
                  | Dex+4}
 38586 | Snake:1  | Killed Roxanne
 38643 | Snake:1  | Killed Zonian's ghost
 38820 | Vaults:1 | Entered Level 1 of the Vaults
 38827 | Vaults:1 | Reached XP level 22. HP: 125/147 MP: 29/34
 38842 | Vaults:1 | Found Xuypijyb's Antique Armour Emporium.
 38860 | Vaults:1 | Bought a pair of runed gloves for 270 gold pieces
 39023 | Elf:3    | Identified the -5 pair of gloves of Rationality {Str+5}
 39097 | Elf:3    | Killed Soammui's ghost
 39121 | Elf:3    | Identified the +0 pair of boots "Ychaargh" {Int+4 Stlth-}
 39818 | Vaults:1 | Found a runed translucent door.
 39818 | Vaults:1 | Noticed greynaab's ghost (adept HuBe)
 39881 | Vaults:1 | Reached skill level 19 in Shields
 39902 | Vaults:1 | Killed greynaab's ghost
 40558 | Vaults:2 | You are sucked into a shaft and drop 1 floor!
 40558 | Vaults:3 | Noticed Bai Suzhen
 40570 | Vaults:3 | Killed Bai Suzhen
 41254 | Vaults:3 | Found a staircase to the Crypt.
 41410 | Vaults:3 | Reached XP level 23. HP: 144/155 MP: 9/35
 41674 | Vaults:2 | Found a runed translucent door.
 41674 | Vaults:2 | Noticed handsome's ghost (veteran OpWn)
 41756 | Vaults:2 | Reached skill level 20 in Shields
 42293 | Vaults:2 | Reached skill level 5 in Axes
 42852 | Vaults:2 | Killed handsome's ghost
 43203 | Vaults:3 | Got the Guide on Enchantment
 43667 | Vaults:4 | Found a magical portal.
 43709 | WizLab   | Entered Eringya's Formal Garden
 43934 | WizLab   | Found a blossoming altar of Fedhas.
 44586 | Vaults:4 | Noticed Mennas
 44644 | Vaults:4 | Killed Mennas
 44645 | Vaults:4 | Reached skill level 21 in Shields
 44768 | Vaults:4 | Reached XP level 24. HP: 155/162 MP: 30/36
 45475 | Vaults:4 | Noticed Margery
 45485 | Vaults:4 | Killed Margery
 45502 | Vaults:4 | Reached skill level 15 in Armour
 45865 | Crypt:1  | Entered Level 1 of the Crypt
 46227 | Crypt:2  | Identified a +5 eveningstar of holy wrath (a +3 eveningstar
                  | of protection blessed by the Shining One)
 46227 | Crypt:2  | Received a gift from the Shining One
 46966 | Crypt:2  | Noticed a royal mummy
 46972 | Crypt:2  | Killed a royal mummy
 47008 | Crypt:3  | Entered Level 3 of the Crypt
 47363 | Crypt:3  | Reached skill level 22 in Shields
 47541 | Crypt:3  | Found a staircase to the Tomb.
 47562 | Crypt:3  | Got the Incunabulum of Feathers and Snow
 47724 | Crypt:3  | Found a basalt altar of Yredelemnul.
 47724 | Crypt:3  | Noticed a dread lich
 47737 | Crypt:3  | Killed a dread lich
 47738 | Crypt:3  | Reached XP level 25. HP: 169/169 MP: 20/36
 47794 | Crypt:3  | Got Sif Muna's Disquisition on Entrancing Shape Shifting
 48282 | Depths:1 | Entered Level 1 of the Depths
 48536 | Depths:1 | Found a one-way gate leading to the halls of Pandemonium.
 48595 | Depths:1 | Reached skill level 10 in Dodging
 49141 | Depths:1 | Found a gateway to Hell.
 49226 | Depths:2 | Acquired a manual of Evocations
 49432 | Depths:2 | Found a one-way gate to the infinite horrors of the Abyss.
 50322 | Depths:2 | Found a bloodstained altar of Trog.
 51242 | Depths:3 | Found a one-way gateway to a ziggurat.
 51369 | Depths:3 | Reached skill level 23 in Shields
 51439 | Depths:3 | Noticed Camaan's ghost (adept DgCj)
 51446 | Depths:3 | Found a transporter.
 51488 | Depths:3 | Found a transporter.
 51610 | Depths:3 | Reached skill level 5 in Evocations
 51643 | Depths:3 | Found the +6 Majin-Bo {vamp, MP+6 Int+6}
 51791 | Depths:4 | Entered Level 4 of the Depths
 51791 | Depths:4 | Noticed a juggernaut
 51804 | Depths:4 | Killed a juggernaut
 52218 | Depths:4 | Identified the +9 great sword "Epuakhlergh" {spect, rPois
                  | Str+3}
 52443 | Depths:4 | Found a gate to the Realm of Zot.
 52466 | Depths:4 | Reached XP level 26. HP: 178/178 MP: 24/37
 52553 | Depths:4 | Found an opulent altar of Gozag.
 52689 | Depths:4 | Acquired a manual of Axes
 52860 | Depths:4 | Found a radiant altar of Vehumet.
 53141 | Depths:3 | Killed Camaan's ghost
 53143 | Depths:3 | Identified the amulet of Happiness {Faith rElec rC++ Str+4
                  | Int-3}
 53165 | Depths:3 | Acquired the +0 cloak of the Thinker {rPois Will+}
 53537 | Vaults:5 | Entered Level 5 of the Vaults
 53932 | Vaults:5 | Noticed a dread lich
 53936 | Vaults:5 | Killed a dread lich
 53937 | Vaults:5 | Identified the ring "Jeax" {rPois rN+ Str+5 Dex+4 Slay-2}
 54288 | Vaults:5 | Reached skill level 24 in Shields
 54436 | Vaults:5 | Got a silver rune of Zot
 54495 | Vaults:5 | Reached XP level 27. HP: 182/184 MP: 22/37
 54561 | Vaults:5 | Found Zarei's Magic Scroll Shop.
 54565 | Vaults:5 | Bought a scroll of summoning for 152 gold pieces
 54565 | Vaults:5 | Bought a scroll of enchant armour for 120 gold pieces
 54565 | Vaults:5 | Bought a scroll of enchant weapon for 120 gold pieces
 54565 | Vaults:5 | Bought a scroll of fear for 56 gold pieces
 54582 | Vaults:5 | Found Nisky's Distillery.
 54587 | Vaults:5 | Bought a potion of curing for 51 gold pieces
 54587 | Vaults:5 | Bought a potion of haste for 170 gold pieces
 54587 | Vaults:5 | Bought a potion of curing for 51 gold pieces
 54587 | Vaults:5 | Bought a potion of resistance for 170 gold pieces
 54587 | Vaults:5 | Bought a potion of curing for 51 gold pieces
 54587 | Vaults:5 | Bought a potion of curing for 51 gold pieces
 54587 | Vaults:5 | Bought a potion of ambrosia for 136 gold pieces
 54623 | Vaults:5 | Reached skill level 10 in Evocations
 54763 | Vaults:5 | Identified the +7 battleaxe of Hoeko {vorpal, rC+ Str+4}
 54810 | Vaults:5 | Got the Disquisition on Torrid Contamination
 54987 | Vaults:5 | Found Xyell's Magic Scroll Shoppe.
 54992 | Vaults:5 | Bought 3 scrolls of silence for 382 gold pieces
 54992 | Vaults:5 | Bought a scroll of magic mapping for 59 gold pieces
 54992 | Vaults:5 | Bought a scroll of enchant armour for 127 gold pieces
 54992 | Vaults:5 | Bought a scroll of holy word for 127 gold pieces
 54992 | Vaults:5 | Bought a scroll of fear for 59 gold pieces
 55511 | Hell     | Entered the Vestibule of Hell
 55511 | Hell     | Noticed Geryon
 55521 | Hell     | Cast into level 2 of the Abyss (hell knight)
 55559 | Abyss:2  | Paralysed by you for 3 turns
 56318 | Hell     | Escaped the Abyss
 56329 | Hell     | Killed Geryon
 56377 | Hell     | Found a gateway to the freezing wastes of Cocytus.
 56419 | Hell     | Found a gateway to the decaying netherworld of Tartarus.
 56524 | Hell     | Found a gateway to the ashen valley of Gehenna.
 56669 | Hell     | Found a gateway to the Iron City of Dis.
 56825 | Depths:2 | Voluntarily entered the Abyss.
 57362 | Abyss:3  | Found a corrupted altar of Lugonu.
 57425 | Abyss:3  | Gained mutation: Your magical capacity is low. (-10% MP) [a
                  | neqoxec]
 57426 | Abyss:3  | Gained mutation: Armour fits poorly on your strangely
                  | shaped body. [a neqoxec]
 57783 | Abyss:3  | Found a shimmering blue altar of Sif Muna.
 58081 | Abyss:3  | Found a broken altar of Ashenzari.
 58356 | Abyss:4  | Noticed a dread lich
 58375 | Abyss:4  | Killed a dread lich
 58705 | Abyss:4  | Noticed an ancient lich
 58712 | Abyss:4  | Killed an ancient lich
 58925 | Depths:2 | Escaped the Abyss
 58958 | Tar:1    | Entered Level 1 of Tartarus
 59496 | Tar:3    | Reached skill level 10 in Axes
 59720 | Tar:4    | Noticed an ancient lich
 59730 | Tar:4    | Killed an ancient lich
 59891 | Tar:5    | Reached skill level 25 in Shields
 60191 | Tar:7    | Entered Level 7 of Tartarus
 60437 | Tar:7    | Noticed an ancient lich
 60438 | Tar:7    | Noticed a dread lich
 60446 | Tar:7    | Killed an ancient lich
 60448 | Tar:7    | Killed a dread lich
 60453 | Tar:7    | Identified the +11 short sword of Tiaseorph {holy, *Rage
                  | rPois MP+9 Int+4}
 60691 | Tar:7    | Noticed an ancient lich
 60691 | Tar:7    | Noticed an ancient lich
 60699 | Tar:7    | Killed an ancient lich
 60700 | Tar:7    | Killed an ancient lich
 60949 | Tar:7    | Noticed Ereshkigal
 60975 | Tar:7    | Paralysed by Ereshkigal for 2 turns
 60983 | Tar:7    | Killed Ereshkigal
 61049 | Tar:7    | Identified the ring of the Final Xenops {Will- Str+6 Dex+5}
 61202 | Tar:7    | Got a bone rune of Zot
 61394 | Tar:7    | Identified the +2 morningstar "Diavyek" {freeze, rN+ Int+4}
 61507 | Tar:7    | Reached skill level 26 in Shields
 61616 | Depths:2 | Voluntarily entered the Abyss.
 62382 | Abyss:4  | Found a corrupted altar of Lugonu.
 62828 | Abyss:4  | Paralysed by accursed screaming for 1 turns
 62833 | Abyss:4  | Paralysed by accursed screaming for 1 turns
 62837 | Abyss:4  | Paralysed by accursed screaming for 2 turns
 62841 | Abyss:4  | HP: 7/147 [daeva/divine providence (15)]
 62845 | Abyss:4  | Paralysed by accursed screaming for 2 turns
 62846 | Abyss:4  | HP: 6/147 [daeva/divine providence (16)]
 62849 | Abyss:4  | Paralysed by accursed screaming for 2 turns
 62850 | Abyss:4  | The Shining One protects you from harm!
 62850 | Abyss:4  | Killed from afar by a starcursed mass

Illustrated notes

Levels and vault maps discovered:
D:1:      scummos_arrival_simple_fountains, layout_rooms, minmay_misc_feat_alley
D:2:      cheibrodos_pilgrimage, layout_loops_ring, basic_altar,
          hellmonk_ecumenical_altar_leap_of_faith,
          minmay_randomly_rotated_circles, uniq_terence, uniq_jessica
D:3:      layout_loops_cross, mainiacjoe_overflow_catwalk,
          mainiacjoe_overflow_small_starburst,
          nicolae_concentric_dashed_squares_mild
D:4:      minmay_spotlight, layout_loops_cross, okawaru_ov_weapons_minmay,
          zin_statuary
D:5:      layout_rooms, minmay_misc_feat_rugged, uniq_menkaure,
          uniq_blork_the_orc
D:6:      layout_basic, nemelex_altar_shiori
D:7:      layout_basic, old_standard_altar,
          nicolae_hepliaklqana_monster_ancestors, jmf_multi_god_temple,
          minmay_temple_entry_butterflies, enter_bailey_3, amethyst_killhole
D:8:      layout_basic, nicolae_qazlal_eye_of_the_storm
D:9:      layout_layer_cave, mainiacjoe_overflow_concentric_impassable,
          lemuel_tele_altar
D:10:     layout_layer_cave, mainiacjoe_overflow_24_doors, lair_entry_dummy,
          minmay_fractal_squares_diagonal_5
D:11:     layout_basic, orc_david_3, nicolae_trove_entry_crossroad,
          minmay_misc_feat_enclosed
D:12:     due_megacathedral, layout_loops_ring, uniq_urug, uniq_snorg,
          uniq_frances
D:13:     layout_loops_ring, erik_vaults_2, serial_shops,
          nicolae_take_the_stairs
D:14:     layout_loops_ring, kennysheep_small_spiral
D:15:     grunt_enter_depths_snipers, layout_loops_ring,
          maelrawn_ghost_gauntlet_escape
Temple:   nicolae_temple_figure_zero
Lair:1:   layout_long_grid, grunt_forest_small_clearings, serial_bayou_pond_b,
          eino_small_chamber_without_monster, disabler_island,
          infiniplex_staircase_pool_2
Lair:2:   layout_regular_city, lemuel_fruit_tree, lemuel_fruit_fields,
          infiniplex_staircase_pool, uniq_sonja, uniq_harold, uniq_gastronok
Lair:3:   layout_regular_city, skrybe_swamp_entry_bodies,
          guppyfry_snake_entry_island, cheibrodos_lair_caveside_slide,
          minivault_11, serial_bayou_shore_a
Lair:4:   layout_cave_shapes, gammafunk_ghost_wrathful_warriors,
          lemuel_fruit_fields
Lair:5:   layout_loops_ring, dpeg_slime_entry_corner, serial_bayou_shore_b
Lair:6:   due_jungle_book, layout_small_grid, basic_altar,
          minmay_lair_oklob_items, grunt_forest_small_clearing_treed
Swamp:1:  layout_falls_marsh, lemuel_altar_in_water
Swamp:2:  layout_falls_marsh, nicolae_swamp_some_circles
Swamp:3:  nicolae_swamp_phyte_club, layout_basic_swamp,
          ebering_ghost_rock_garden, nicolae_swamp_very_dense_foliage
Swamp:4:  swamp, layout_basic_swamp
Snake:1:  layout_rooms, gammafunk_ghost_arena, minmay_shop_grove,
          uniq_mlioglotl, uniq_roxanne, uniq_nikola, uniq_aizul
Snake:2:  layout_rooms, minmay_shop_grid_forest, nicolae_elevator_lobby_plus,
          uniq_azrael, uniq_louise
Snake:3:  layout_concentric_octagons, basic_altar, nicolae_alphabet_shops,
          uniq_vashnia, uniq_mara
Snake:4:  grunt_snake_rune_pools, layout_cave_town, minmay_shop_star
Orc:1:    layout_caves, ebering_ghost_disaster_area
Orc:2:    grunt_orc_gardens, layout_caves, grunt_orc_garden, grunt_orc_garden,
          grunt_orc_garden, grunt_orc_garden, elves_outpost_lemuel
Elf:1:    elf_arrival_001, layout_loops_cross, hangedman_elf_represent
Elf:2:    elven_hall_of_blades_hangedman_alternative [nicolae_blade_lattice],
          layout_geoelf_grid, minmay_strange_pillars, hangedman_summoners_spam,
          lemuel_upstairs_altar
Elf:3:    grunt_elf_hall_spiral, layout_gridlike, serial_shops, shop,
          gammafunk_ghost_ooze
Vaults:1: hellmonk_ghost_happy_afterlife, vaults_mumra_chevron, v_misc_19,
          hangedman_vaults_unwind, v_misc_25, hangedman_vaults_stitches,
          v_misc_3, nicolae_vaults_halls_meeting, v_misc_13,
          hangedman_vaults_river_flow, vaults_dpeg_spiral,
          nicolae_vaults_diagonal_hallway_6, nicolae_vaults_ring_of_whatevers,
          layout_vaults_omnibox, serial_shops, nicolae_shop_overgrown_old_shop
Vaults:2: ebering_ghost_inner_flame, vaults_room_stairs_pillars,
          nicolae_vaults_ninety_degrees, v_pattern_2, nicolae_vaults_rhombus_7,
          st_smaller_cells, nicolae_vaults_mini_display_case,
          hangedman_vaults_cutoff, dpeg_vaults_monster_box,
          nicolae_vaults_windows_and_doors_thing, nicolae_vaults_little_ls,
          layout_vaults_ring
Vaults:3: grunt_vaults_twisty, v_rooms_1, ontoclasm_vaults_gateway,
          hangedman_vaults_cutoff, minmay_crypt_entry_skeletal_spiral,
          ontoclasm_vaults_loading_screen, ontoclasm_vaults_bender,
          nicolae_vaults_stairing_the_circle, ontoclasm_vaults_misaligned,
          v_misc_17, layout_vaults_omnicross, uniq_bai_suzhen
Vaults:4: mu_enter_wizlab_1, v_misc_30, nicolae_vaults_back_hallway,
          hangedman_vaults_corner, vaults_standard_mumra_x, vaults_room_grid,
          nicolae_vaults_specimen_jars, hangedman_vaults_impose, v_misc_15,
          ontoclasm_vaults_hangar, serial_ice_b, layout_vaults_chaotic_city,
          uniq_mennas, uniq_margery
Vaults:5: serial_shops
Crypt:1:  layout_rooms
Crypt:2:  lemuel_minitomb, layout_chaotic_city
Crypt:3:  cryptofortress_bobbens
Depths:1: layout_basic, grunt_pan_entry_spiral, hell_entry, st_stairs_2,
          hangedman_stitches_earthworm
Depths:2: kennysheep_large_spiral, layout_cave_shapes, lemuel_statue_altar,
          hell_entry, rand_demon_pan_entry_1, abyss_entry_glasseish,
          nicolae_sextant, infiniplex_staircase_pillars_3b
Depths:3: minmay_guarded_unrand_majin_bo, layout_gridville, enter_ziggurat_e,
          hangedman_abyss_entry_splay, hangedman_decor_push,
          hangedman_tar_grid_catacomb, gammafunk_ghost_berserking_beasts,
          infiniplex_staircase_trident
Depths:4: evilmike_zot_entry_argh, layout_twisted_cross,
          pf_vacation_house_of_asmodeus, vehumet_crystals,
          serial_bayou_lagoon_a, nicolae_gozag_cash_rules_everything_around_me
Hell
Tar:1:    layout_grid_maze
Tar:2:    layout_honeycomb, nicolae_tar_cuneiform_oil, nicolae_tar_cuneiform_sun
Tar:3:    layout_grid_maze, nicolae_hells_seeping_fissure
Tar:4:    layout_grid_maze
Tar:5:    layout_grid_maze
Tar:6:    layout_honeycomb
Tar:7:    tar_grunt_cathedral
Abyss:4:  base: Depths:3, minivault_25_ag, minivault_19,
          nicolae_abyss_rune_star_stuff, guppyfry_abyss_exit_glass_guarded,
          grunt_abyss_rune_forest_and_sorcery, gammafunk_abyss_exit_x_factor,
          hangedman_decor_riveting, gammafunk_abyss_rune_reverse_zot,
          gammafunk_abyss_exit_x_factor,
          evilmike_nicolae_abyss_rune_betentacled_crabyss,
          gammafunk_abyss_exit_x_factor, hangedman_abyss_rune_flesh_and_stone,
          guppyfry_abyss_exit_glass_guarded, base: Depths:1,
          evilmike_abyss_exit_glass, hangedman_abyss_or_decor_stagger,
          small_statue_intersection, eino_small_chamber_without_monster,
          hangedman_abyss_or_decor_stagger, small_statue_intersection,
          gammafunk_abyss_rune_reverse_zot, gammafunk_abyss_rune_reverse_zot,
          evilmike_abyss_exit_chaos, minivault_13

Skill      XL: |  1  2  3  4  5  6  7  8  9 10 11 12 13 14 15 16 17 18 19 20 21 22 23 24 25 26 27 |
---------------+----------------------------------------------------------------------------------+-----
Maces & Flails | 3 4 5 6 8 10 12 14 15 16 17 18 19 20 21 22 | 22.5
Fighting       | 4 5 6 8 9 10 12 13 14 15 16 17 18 19 20 21 22 23 | 23.4
Shields        | 4 5 6 7 9 10 11 12 13 15 16 17 18 19 21 22 23 24 26 | 26.0
Armour         | 4 5 6 7 8 9 10 11 12 13 14 15 16 | 16.8
Dodging        | 1 2 3 4 5 6 7 8 9 10 | 10.1
Invocations    | 1 4 6 8 10 12 13 14 16 17 18 19 20 21 23 | 23.7
Evocations     | 1 2 6 9 13 | 13.4
Axes           | 1 3 6 8 9 13 | 13.6
Throwing       | 1 |  1.3

Action                   |  1- 3 |  4- 6 |  7- 9 | 10-12 | 13-15 | 16-18 | 19-21 | 22-24 | 25-27 || total
-------------------------+-------+-------+-------+-------+-------+-------+-------+-------+-------++-------
Melee: Flail             |    32 |   187 |   418 |   719 |    28 |       |       |       |       ||  1384
       Whip              |       |   120 |   113 |       |       |       |       |       |       ||   233
       Eveningstar       |       |       |       |       |   934 |  1334 |   834 |  1814 |  2952 ||  7868
Throw: Stone             |       |     1 |       |       |       |       |       |       |       ||     1
       Dart              |       |       |       |     8 |       |       |       |       |       ||     8
       Javelin           |       |       |       |       |       |       |       |     2 |       ||     2
Invok: Divine Shield     |       |       |       |     4 |     1 |     1 |     2 |       |       ||     8
       Cleansing Flame   |       |       |       |       |       |    10 |    23 |    41 |    93 ||   167
       Brand Weapon With |       |       |       |       |       |       |       |     1 |       ||     1
Evoke: Wand              |       |       |       |     9 |     3 |     8 |       |     1 |       ||    21
  Use: Potion            |       |     4 |     3 |     2 |     2 |     7 |     1 |     1 |     9 ||    29
       Scroll            |       |     3 |     4 |     5 |    14 |    14 |     1 |     3 |    23 ||    67
Armor: Scale mail        |    23 |   137 |   286 |   250 |   300 |   434 |       |       |       ||  1430
       Chain mail        |       |       |       |       |       |   131 |   479 |   738 |   129 ||  1477
       Gold dragon scale |       |       |       |       |       |       |       |       |  1280 ||  1280
Dodge: Dodged            |     8 |   222 |   425 |   380 |   457 |   472 |   201 |   466 |   670 ||  3301
Block: Buckler           |     7 |    82 |   167 |   344 |   470 |    57 |       |       |       ||  1127
       Reflection        |       |       |       |    31 |    13 |    16 |       |       |       ||    60
       Kite shield       |       |       |       |       |       |   325 |       |       |       ||   325
       Tower shield      |       |       |       |       |       |   903 |   701 |  1793 |  3273 ||  6670
